 Dungeon Crawl Stone Soup version 0.29.1-15-g9cfb28693d (webtiles) character file.

Game seed: 7331666892263609374

373 BabyfaceFinlayson the Stinger (level 7, -3/31 (37) HPs)
             Began as a Kobold Venom Mage on Mar 30, 2023.
             Shot with an arrow by a centaur (14 damage)
             ... on level 5 of the Dungeon.
             The game lasted 00:17:28 (6026 turns).

BabyfaceFinlayson the Stinger (Kobold Venom Mage)   Turns: 6026, Time: 00:17:28

HP:   -3/31 (37)    AC:  2    Str:  8    XL:     7   Next: 2%
MP:   12/12         EV: 19    Int: 16    God:
Gold: 366           SH:  0    Dex: 15    Spells: 3/13 levels left

rFire   . . .      SeeInvis .   k - +1 short sword (drain)
rCold   . . .      Faith    .   (no shield)
rNeg    . . .      Spirit   .   e - +0 robe
rPois   .          Reflect  .   (helmet restricted)
rElec   .          Harm     .   (no cloak)
rCorr   .          Rampage  .   (no gloves)
Will    .....                   (no boots)
Stlth   ++++......              f - amulet of regeneration
HPRegen 0.90/turn               i - +4 ring of evasion
MPRegen 0.13/turn               n - ring of wizardry

@: heavily drained
A: small, no large weapons, nightstalker 3, horns 1, mutation resistance 1
a: no special abilities


You were on level 5 of the Dungeon.
You visited 1 branch of the dungeon, and saw 5 of its levels.

You collected 366 gold pieces.

Inventory:

Hand Weapons
 k - a +1 short sword of draining (weapon)
Armour
 e - a +0 robe (worn)
Jewellery
 f - an amulet of regeneration (around neck)
 i - a +4 ring of evasion (left hand)
 n - a ring of wizardry (right hand)
 o - a ring of protection from cold
 s - a ring of willpower
Wands
 q - a wand of iceblast (10)
Scrolls
 a - a scroll of fog
Potions
 b - a potion of magic
 c - a potion of cancellation {unknown}
 d - 2 potions of might {unknown}
 g - 2 potions of ambrosia
 h - 4 potions of lignification {unknown}
 j - a potion of attraction {unknown}
 l - 3 potions of curing
 p - a potion of degeneration {unknown}


   Skills:
 + Level 0.3 Fighting
 + Level 1.8 Short Blades
 + Level 3.3 Dodging
 * Level 3.8 Stealth
 + Level 3.5 Spellcasting
 + Level 0.1 Conjurations
 + Level 2.5 Transmutations
 + Level 1.4 Air Magic
 + Level 4.9 Poison Magic


You had 3 spell levels left.
You knew the following spells:

 Your Spells              Type           Power      Damage    Failure   Level
a - Sting                 Tmut/Pois      56%        1d5       1%          1
b - Poisonous Vapours     Pois/Air       24%        N/A       3%          2
c - Mephitic Cloud        Conj/Pois/Air  9%         N/A       9%          3
d - Olgreb's Toxic Radia  Pois           18%        N/A       10%         4

Your spell library contained the following spells:

 Spells                   Type           Power      Damage    Failure   Level
 Portal Projectile        Hex/Tloc       4%         N/A       21%         3
 Tukima's Dance           Hex            2%         N/A       21%         3
 Blade Hands              Tmut           5%         N/A       54%         5


Dungeon Overview and Level Annotations

Branches:
Dungeon (5/15)
 Temple: D:4-7

Altars:
Dithmenos
Fedhas
Gozag
Hepliaklqana
Makhleb
Okawaru
Yredelemnul
Zin

Annotations:
D:5 Blork the orc


Innate Abilities, Weirdness & Mutations

You are small and have problems with some larger weapons.
You are completely attuned to the shadows.
You have a pair of small horns on your head.
You are somewhat resistant to further mutation.


Message History

You feel strangely unstable. The necrophage closely misses you.
A wight comes into view. It is wielding a +4 mace.
It was a potion of curing.
You feel better. The necrophage barely misses you. The necrophage hits you.
You feel drained.
You closely miss the necrophage.
The necrophage is almost destroyed.
Your surroundings suddenly seem different.
You start resting.
HP restored.
You start waiting.
Done waiting.
As you read the scroll labelled HOUXARCH CIAXI, it crumbles to dust.
The scroll dissolves into smoke.
It was a scroll of fog.
There is an open door here.
You now have 366 gold pieces (gained 10).
A centaur comes into view.
The centaur shouts!
You hear a shout!
The centaur wields a +0 shortbow.
The centaur shoots an arrow.
The arrow completely misses you.
Found 9 gold pieces and a potion of curing.
The centaur unwields a +0 shortbow.
The centaur barely misses you.
The centaur kicks you but does no damage.
Blork the orc comes into view.
He is wielding a +2 halberd of venom and carrying a wand of polymorph (10).
The centaur closely misses you. x2
You hit the centaur.
The centaur is lightly wounded.
The centaur barely misses you. The centaur kicks you.
The centaur closely misses you. x2
The centaur attacks as you move away! The centaur hits you.
The centaur kicks you.
The centaur wields a +0 shortbow.
The centaur shoots an arrow.
The arrow barely misses you.
Blork the orc looks angry.
The centaur shoots an arrow.
The arrow barely misses you.
Blork the orc looks angry.
The centaur shoots an arrow.
The arrow hits you!
Ouch! That really hurt!
* * * LOW HITPOINT WARNING * * *
Found 5 stones.
Found a stone staircase leading down.
The centaur shoots an arrow.
The arrow hits you!
You die...

# #### #.#...
###.#.## ........
#>(.. #.....# #...
#.....# # #.. .#
#.....# #.#.#..#
#.....#
##.#@#..###..####'##.
..............##8.8##
............# #.§§..#
............##8..§§.8
...oc......##...(§.§§
$..........#8......§§
...........'.....(§§§
...........#8...§.§§§
#........####.....§§.


You could see Blork the orc and a centaur.

Vanquished Creatures
  A scorpion (D:5)
  A hound (D:4)
  A jelly (D:4)
  An orc wizard (D:5)
  2 iguanas
  5 adders
  4 gnolls
  2 worms
  4 dart slugs
  5 orcs
  8 endoplasms
  4 giant cockroaches
  4 goblins
  6 hobgoblins
  8 jackals
  4 kobolds
  4 quokkas
  A ball python (D:4)
  7 bats
  2 frilled lizards
  5 rats
79 creatures vanquished.

Vanquished Creatures (others)
  6 fungi (D:4)
  3 toadstools (D:4)
9 creatures vanquished.

Grand Total: 88 creatures vanquished

Notes
Turn   | Place    | Note
-------+----------+-------------------------------------------
     0 | D:1      | BabyfaceFinlayson the Kobold Venom Mage began the quest for
                  | the Orb.
     0 | D:1      | Reached XP level 1. HP: 10/10 MP: 3/3
   437 | D:1      | Reached XP level 2. HP: 15/15 MP: 3/5
   525 | D:1      | Learned a level 2 spell: Poisonous Vapours
   935 | D:1      | Reached XP level 3. HP: 19/19 MP: 2/6
  1014 | D:1      | Reached skill level 1 in Short Blades
  1587 | D:2      | Learned a level 3 spell: Mephitic Cloud
  1710 | D:2      | Reached XP level 4. HP: 24/24 MP: 1/8
  1920 | D:2      | Found a faded altar of an unknown god.
  2720 | D:2      | Reached skill level 1 in Air Magic
  2720 | D:2      | Reached XP level 5. HP: 25/28 MP: 6/9
  2999 | D:3      | Reached skill level 4 in Poison Magic
  3166 | D:3      | Found a basalt altar of Yredelemnul.
  3201 | D:3      | Found a burning altar of Makhleb.
  3203 | D:3      | Found a glowing silver altar of Zin.
  3204 | D:3      | Found a faded altar of an unknown god.
  3210 | D:3      | Found a faded altar of an unknown god.
  3445 | D:3      | Gained mutation: You have large cloven feet. [potion of
                  | mutation]
  3445 | D:3      | Gained mutation: You are robust. (+10% HP) [potion of
                  | mutation]
  3445 | D:3      | Gained mutation: Your flesh is heat resistant. (rF+)
                  | [potion of mutation]
  3446 | D:3      | Lost mutation: Your flesh is heat resistant. (rF+) [potion
                  | of mutation]
  3446 | D:3      | Lost mutation: You are robust. (+10% HP) [potion of
                  | mutation]
  3446 | D:3      | Lost mutation: You have large cloven feet. [potion of
                  | mutation]
  3446 | D:3      | Gained mutation: Your body sometimes deteriorates upon
                  | taking damage. [potion of mutation]
  3446 | D:3      | Gained mutation: You have a pair of small horns on your
                  | head. [potion of mutation]
  3446 | D:3      | Gained mutation: Your spells are a little harder to cast,
                  | but a little more powerful. [potion of mutation]
  3447 | D:3      | Lost mutation: Your body sometimes deteriorates upon taking
                  | damage. [potion of mutation]
  3447 | D:3      | Lost mutation: Your spells are a little harder to cast, but
                  | a little more powerful. [potion of mutation]
  3447 | D:3      | Gained mutation: You are somewhat resistant to further
                  | mutation. [potion of mutation]
  4608 | D:4      | Learned a level 4 spell: Olgreb's Toxic Radiance
  4762 | D:4      | Reached XP level 6. HP: 30/32 MP: 2/10
  5241 | D:5      | Entered Level 5 of the Dungeon
  5675 | D:5      | Found a shadowy altar of Dithmenos.
  5678 | D:5      | Found an iron altar of Okawaru.
  5693 | D:5      | Reached XP level 7. HP: 32/37 MP: 10/12
  5777 | D:5      | Found an opulent altar of Gozag.
  5781 | D:5      | Found a blossoming altar of Fedhas.
  5784 | D:5      | Found a hazy altar of Hepliaklqana.
  6019 | D:5      | Noticed Blork the orc
  6026 | D:5      | Shot with an arrow by a centaur

Illustrated notes

Levels and vault maps discovered:
D:1:      wander_arrival_abandoned_jail, layout_rooms, nicolae_eternal_life
D:2:      layout_basic, ebering_ecumenical_altar_abandoned,
          amcnicky_mini_pool_small
D:3:      layout_loops_ring, chequers_temple_overflow_minitemple, minivault_4,
          corner_web_ring, kennysheep_flooded_box
D:4:      layout_cave_pools, minmay_gold_behind_fungi, minmay_misc_feat_rugged,
          minmay_misc_feat_nine_boxes
D:5:      layout_basic, lemuel_mausoleum_altar_kikubaaqudgha,
          nzn_wu_jian_council_hall, nicolae_overflow_hallway_of_the_gods,
          minmay_misc_feat_enclosed, hex_intersection, dk_noncrumbling_4,
          palyth_stone_intersect, uniq_blork_the_orc

Skill      XL: |  1  2  3  4  5  6 |
---------------+-------------------+-----
Stealth        | 3 |  3.8
Short Blades   | 1 |  1.8
Dodging        | 3 |  3.3
Air Magic      | 1 |  1.4
Poison Magic   | 4 |  4.9
Spellcasting   | 3 |  3.5
Transmutations | 2 |  2.5
Fighting       | |  0.3
Conjurations   | |  0.1

Action                   |  1- 3 |  4- 6 |  7- 9 || total
-------------------------+-------+-------+-------++-------
Melee: Unarmed           |     5 |       |       ||     5
       Short sword       |    53 |    68 |    17 ||   138
       Punch             |     1 |     3 |       ||     4
       Headbutt          |       |     6 |     2 ||     8
 Cast: Sting             |    31 |    56 |     4 ||    91
       Poisonous Vapours |    11 |    28 |     2 ||    41
       Mephitic Cloud    |       |     3 |     1 ||     4
Evoke: Wand              |       |       |     1 ||     1
  Use: Scroll            |     5 |     1 |     2 ||     8
       Potion            |       |     4 |     1 ||     5
 Stab: Sleeping          |     6 |     6 |       ||    12
       Confused          |       |     1 |       ||     1
Armor: Robe              |    12 |     5 |     2 ||    19
Dodge: Dodged            |    85 |    85 |    22 ||   192
